 Dungeon Crawl Stone Soup version 0.14.0-12-g87ee3b7 (webtiles) character file.

7164 MDvedh the Severer (level 10, -3/74 HPs)
             Began as a Minotaur Death Knight on Apr 15, 2014.
             Was a High Priest of Yredelemnul.
             Slain by a white ugly thing (10 damage)
             ... on Level 11 of the Dungeon.
             The game lasted 00:20:52 (12752 turns).

MDvedh the Severer (Minotaur Death Knight)         Turns: 12752, Time: 00:20:52

HP  -3/74        AC  8     Str 21      XL: 10   Next: 80%
MP  13/13        EV  4     Int  8      God: Yredelemnul [*****.]
Gold 225         SH 23     Dex  6      Spells:  0 memorised,  9 levels left

rFire  + . .     SeeInvis .     w - +0,+3 broad axe (elec)
rCold  + . .     Clarity  .     e - +1 plate armour
rNeg   . . .     Conserve .     q - +0 shield
rPois  .         rCorr    .     (helmet restricted)
rElec  .         rRot     .     r - +0 cloak
SustAb . .       Spirit   .     v - +0 pair of gloves
rMut   .         Warding  .     (no boots)
Saprov . . .     Stasis   .     E - cursed amulet of rage
MR     .....                    l - ring of protection from cold
                                j - ring of protection from fire

@: lethally poisoned, not resistant to hostile enchantments, extremely
unstealthy
A: retaliatory headbutt, beak, horns 2, clumsy 2, deformed body
a: Animate Dead, Recall Undead Slaves, Injury Mirror, Drain Life, Enslave Soul,
Renounce Religion, Evoke Berserk Rage


You were on level 11 of the Dungeon.
You worshipped Yredelemnul.
Yredelemnul was extremely pleased with you.
You were near starving.

You visited 1 branch of the dungeon, and saw 11 of its levels.
You also visited: Sewer.

You collected 471 gold pieces.
You spent 246 gold pieces at shops.

Inventory:

Hand weapons
 a - a +1,+2 hand axe
 w - a +0,+3 broad axe of electrocution (weapon)
 C - a +2,+2 whip of freezing
Armour
 e - a +1 plate armour (worn)
 q - a +0 shield (worn)
 r - a +0 cloak (worn)
 v - a +0 pair of gloves (worn)
Magical devices
 i - a wand of confusion (11)
 o - a wand of digging (14)
 y - a wand of digging (16)
 A - a wand of hasting (5)
Comestibles
 c - 8 bread rations
 z - a meat ration
 V - 3 chokos
 Y - a royal jelly
Scrolls
 f - 3 scrolls of teleportation
 k - a scroll of blinking
 n - 2 scrolls of amnesia
 p - a scroll of random uselessness {unknown}
 s - a scroll of enchant weapon II
 F - 5 scrolls of remove curse
 J - 3 scrolls of magic mapping
 O - a scroll of enchant armour
 Q - a scroll of vulnerability
 S - a scroll of fear
Jewellery
 j - a ring of protection from fire (left hand)
 l - a ring of protection from cold (right hand)
 B - a cursed ring of hunger {unknown}
 E - a cursed amulet of rage (around neck)
 K - an uncursed amulet of resist corrosion {unknown}
 N - an uncursed ring of protection from magic {unknown}
 R - a cursed -4 ring of dexterity {unknown}
Potions
 b - 2 potions of flight
 d - 2 potions of restore abilities
 g - 4 potions of curing
 h - 2 potions of heal wounds
 t - a potion of magic
 L - a potion of lignification
Books
 H - a book of Callings

   Spells                             Type                      Level
   Summon Small Mammal                Summoning                    1
   Call Imp                           Summoning                    2
   Call Canine Familiar               Summoning                    3
   Summon Guardian Golem              Hexes/Summoning              4
   Summon Lightning Spire             Summoning/Air                4
   Summon Ice Beast                   Ice/Summoning                4
 I - a book of Clouds

   Spells                             Type                      Level
   Mephitic Cloud                     Conjuration/Poison/Air       3
   Conjure Flame                      Conjuration/Fire             3
   Poisonous Cloud                    Conjuration/Poison/Air       6
   Freezing Cloud                     Conjuration/Ice/Air          6
   Ring of Flames                     Charms/Fire                  7
 Z - a book of Hinderance

   Spells                             Type                      Level
   Confusing Touch                    Hexes                        1
   Confuse                            Hexes                        3
   Petrify                            Transmutation/Earth          4
   Leda's Liquefaction                Hexes/Earth                  4
   Metabolic Englaciation             Hexes/Ice                    5
   Summon Mana Viper                  Hexes/Summoning              5


   Skills:
 - Level 2.4 Fighting
 + Level 15.3 Axes
 - Level 1.2 Armour
 - Level 1.1 Dodging
 - Level 10.0 Shields
 - Level 5.5 Invocations


You had 9 spell levels left.
You didn't know any spells.

Dungeon Overview and Level Annotations

Branches:
Dungeon (11/15)            Temple (0/1) D:5            Lair (0/8) D:10
    Orc: D:9-12

Altars:
Ashenzari
Dithmenos
Yredelemnul

Shops:
D:7 ?


Innate Abilities, Weirdness & Mutations

You reflexively headbutt those who attack you in melee.
You have a pair of horns on your head.
You have a beak for a mouth.
You are very clumsy. (Dex -4)
Armour fits poorly on your strangely shaped body.


Message History

One of your 5 potions of curing freezes and shatters!
* * * LOW HITPOINT WARNING * * *
The centaur hits you but does no damage.
The white ugly thing tentacle-slaps you but does no damage.
You are too injured to fight recklessly!
Drink which item? (? for menu, Esc to quit)
You feel much better. The killer bee stings you.
* * * LOW HITPOINT WARNING * * *
The centaur hits you but does no damage. x2
The killer bee stings you!
* * * LOW HITPOINT WARNING * * *
The centaur hits you.
* * * LOW HITPOINT WARNING * * *
The hungry ghost hits you but does no damage.
The white ugly thing claws you.
* * * LOW HITPOINT WARNING * * *
The white ugly thing freezes you! You resist.
Your potion of agility freezes and shatters!
You die...
Your body rises from the dead as a mindless zombie.

#.............###..........#
#......zz....####..........#
#..........................#
##.................#.....####
#............................#
#......#.....................
#....##......................
##....#.......uuK..........##
#............c@c...........
#............pkc..........
#.(......................
###...........<>...........
#............)(.............
#...........................
#.......................##..
#.......................#
#.......................#


You could see 2 ugly things, a hungry ghost, 3 centaurs, a killer bee and a
kobold.

Vanquished Creatures
  The ghost of ThirdFlower the Grappler, an experienced TrMo of Nemelex Xobeh (D:9)
  An item mimic (D:7)
  3 trolls
  A two-headed ogre (D:11)
  Eustachio (D:7)
  3 yaks (D:9)
  A hungry ghost (D:9)
  A hippogriff (D:9)
  A mottled dragon (D:10)
  2 orc warriors (D:8)
  2 sky beasts
  A phantom (D:11)
  2 ice beasts
  A black bear (D:11)
  3 ogres
  4 centaurs
  A giant slug (Sewer)
  A gnoll sergeant (D:9)
  3 giant frogs (D:10)
  3 killer bees (D:10)
  A yak zombie (D:8)
  5 wights (D:9)
  3 crimson imps
  A giant frog zombie (D:6)
  3 orc priests
  Crazy Yiuf (D:2)
  A centaur zombie (D:8)
  A giant frog skeleton (D:8)
  6 orc wizards
  3 hounds
  5 worker ants
  3 iguanas
  Ijyb (D:2)
  Jessica (D:3)
  5 gnolls
  9 adders
  A worm zombie (D:9)
  3 shadow imps
  3 giant mites (D:4)
  3 worms
  An adder skeleton (D:6)
  An orc skeleton (D:7)
  An orc zombie (D:9)
  6 giant geckos
  37 orcs
  16 bats
  5 giant cockroaches
  14 hobgoblins
  12 jackals
  24 kobolds
  A ball python (D:1)
  A giant gecko skeleton (D:6)
  7 giant newts
  18 goblins
  3 quokkas
  26 rats
  A rat skeleton (D:4)
  4 ballistomycetes (D:10)
  5 fungi (D:10)
  3 plants (D:10)
281 creatures vanquished.

Vanquished Creatures (collateral kills)
  The ghost of Garrluk the Spear-Bearer, an experienced MfGl (D:6)
  Pikel (D:5)
  A troll (D:8)
  A spriggan (D:7)
  A hippogriff (D:8)
  An ogre (D:6)
  2 slaves (D:5)
  A centaur (D:6)
  3 orc warriors
  A phantom (D:11)
  Blork the orc (D:8)
  A goliath beetle (D:6)
  2 crimson imps
  3 orc priests
  A giant frog skeleton (D:4)
  2 gnoll shamans (D:6)
  4 orc wizards
  A mummy (D:6)
  9 gnolls (D:6)
  4 adders
  A worm (D:3)
  An adder skeleton (D:6)
  A giant gecko (D:6)
  2 oozes (D:3)
  6 orcs
  4 bats
  A bat zombie (D:6)
  2 goblins
  2 hobgoblins
  6 jackals
  2 kobolds
  2 giant newts
  A goblin skeleton (D:5)
  A hobgoblin zombie (D:9)
  A rat (D:4)
  A rat zombie (D:6)
75 creatures vanquished.

Vanquished Creatures (others)
  7 flying skulls
  2 wights
  A black bear zombie (D:11)
  A mummy (D:6)
  A worker ant zombie (D:11)
  2 giant spores (D:10)
  A hobgoblin zombie (D:11)
  A jackal zombie (Sewer)
  A fungus (D:10)
17 creatures vanquished.

Grand Total: 373 creatures vanquished

Notes
Turn   | Place    | Note
--------------------------------------------------------------
     0 | D:1      | MDvedh, the Minotaur Death Knight, began the quest for the Orb.
     0 | D:1      | Reached XP level 1. HP: 18/18 MP: 1/1
    87 | D:1      | Reached skill level 3 in Axes
   104 | D:1      | Reached XP level 2. HP: 2/25 MP: 1/1
   983 | D:1      | Reached skill level 4 in Axes
  1016 | D:1      | Acquired Yredelemnul's second power
  1025 | D:1      | Reached XP level 3. HP: 28/30 MP: 3/3
  1401 | D:2      | Reached skill level 5 in Axes
  1417 | D:2      | Noticed Ijyb
  1428 | D:2      | Killed Ijyb
  1428 | D:2      | Reached XP level 4. HP: 29/37 MP: 3/3
  1722 | D:2      | Reached skill level 6 in Axes
  2001 | D:2      | Acquired Yredelemnul's third power
  2306 | D:2      | Reached XP level 5. HP: 42/42 MP: 4/4
  2372 | D:2      | Noticed Crazy Yiuf
  2379 | D:2      | Killed Crazy Yiuf
  2670 | D:3      | Reached skill level 7 in Axes
  3075 | D:3      | Received a gift from Yredelemnul
  3096 | D:3      | Noticed Jessica
  3102 | D:3      | Killed Jessica
  3109 | D:3      | Reached XP level 6. HP: 50/50 MP: 5/5
  3559 | D:4      | Reached skill level 8 in Axes
  4061 | D:4      | Acquired Yredelemnul's fourth power
  4270 | D:4      | Found a glowing drain.
  4274 | Sewer    | Entered a sewer
  4350 | Sewer    | Reached skill level 9 in Axes
  4722 | D:5      | Entered Level 5 of the Dungeon
  4737 | D:5      | Found a staircase to the Ecumenical Temple.
  4738 | D:5      | Noticed Pikel
  4752 | D:5      | Killed Pikel
  4752 | D:5      | Reached skill level 10 in Axes
  4752 | D:5      | Reached XP level 7. HP: 44/56 MP: 5/5
  6061 | D:6      | Reached XP level 8. HP: 52/62 MP: 8/8
  6069 | D:6      | Received a gift from Yredelemnul
  6325 | D:6      | Reached skill level 11 in Axes
  6424 | D:6      | Noticed Garrluk's ghost (experienced MfGl)
  6434 | D:6      | Killed Garrluk's ghost
  6434 | D:6      | Reached skill level 5 in Invocations
  6845 | D:6      | Received a gift from Yredelemnul
  7032 | D:6      | Reached skill level 12 in Axes
  7203 | D:7      | Killed a bread ration mimic
  7203 | D:7      | Reached XP level 9. HP: 58/68 MP: 12/12
  7389 | D:7      | Found Rauthrao's Magic Scroll Shop.
  7392 | D:7      | Bought a scroll of remove curse for 36 gold pieces
  7392 | D:7      | Bought a scroll of remove curse for 36 gold pieces
  7392 | D:7      | Bought a scroll of vulnerability for 90 gold pieces
  7392 | D:7      | Bought a scroll of magic mapping for 42 gold pieces
  7392 | D:7      | Bought a scroll of fear for 42 gold pieces
  7427 | D:7      | Noticed Eustachio
  7435 | D:7      | Killed Eustachio
  7518 | D:7      | Found a shattered altar of Ashenzari.
  7525 | D:7      | Found a basalt altar of Yredelemnul.
  7616 | D:7      | Reached skill level 13 in Axes
  8211 | D:8      | Acquired Yredelemnul's fifth power
  8286 | D:8      | Found a shadowy altar of Dithmenos.
  8334 | D:8      | Reached skill level 14 in Axes
  8513 | D:8      | Noticed Blork the orc
  8523 | D:8      | Killed Blork the orc
  8523 | D:8      | Reached skill level 1 in Shields
  8866 | D:8      | Received a gift from Yredelemnul
  9085 | D:9      | Noticed ThirdFlower's ghost (experienced TrMo)
  9129 | D:9      | Killed ThirdFlower's ghost
  9943 | D:9      | Reached XP level 10. HP: 43/74 MP: 13/13
  9946 | D:9      | Received a gift from Yredelemnul
 10225 | D:9      | Identified a scroll of acquirement
 10907 | D:9      | Reached skill level 10 in Shields
 11181 | D:10     | Entered Level 10 of the Dungeon
 11413 | D:10     | Found a staircase to the Lair.
 12100 | D:10     | Paralysed by a potion of paralysis for 4 turns
 12104 | D:10     | Paralysed by a potion of paralysis for 5 turns
 12110 | D:10     | Gained mutation: You have a beak for a mouth. [potion of mutation]
 12110 | D:10     | Gained mutation: Armour fits poorly on your strangely shaped body. [potion of mutation]
 12110 | D:10     | Gained mutation: You are clumsy. (Dex -2) [potion of mutation]
 12269 | D:10     | Gained mutation: You are very clumsy. (Dex -4) [potion of mutation]
 12704 | D:11     | Reached skill level 15 in Axes
 12751 | D:11     | HP: 1/74 [white ugly thing (11)]
 12752 | D:11     | Slain by a white ugly thing

Action                   |  1- 3 |  4- 6 |  7- 9 | 10-12 || total
-------------------------+-------+-------+-------+-------++-------
Melee: Hand axe          |   135 |   248 |   339 |    16 ||   738
       Broad axe         |       |       |       |   186 ||   186
Invok: Animate Dead      |       |     1 |     2 |     4 ||     7
       Recall Undead Sla |       |       |     3 |     1 ||     4
Evoke: Wand              |       |     3 |       |     3 ||     6
  Use: Scroll            |     4 |     5 |     2 |     6 ||    17
       Potion            |       |       |       |    11 ||    11
 Stab: Distracted        |       |     1 |     3 |       ||     4
